 Dungeon Crawl Stone Soup version 0.29.1-15-g9cfb28693d (webtiles) character file.

Game seed: 11250815257683346751

47 Heoruswealwe the Shield-Bearer (level 3, -4/30 HPs)
             Began as a Formicid Fighter on Feb 21, 2023.
             Was a Follower of Vehumet.
             Blown up by Ijyb (6 damage)
             ... with a mindburst bolt
             ... on level 3 of the Dungeon.
             The game lasted 00:17:13 (1452 turns).

Heoruswealwe the Shield-Bearer (Formicid Fighter)   Turns: 1452, Time: 00:17:14

Health: -4/30      AC:  7    Str: 22    XL:     3   Next: 97%
Magic:  3/3        EV:  9    Int:  7    God:    Vehumet [*.....]
Gold:   178        SH:  5    Dex: 13    Spells: 2/2 levels left

rFire   . . .      SeeInvis +   a - +0 trident
rCold   . . .      Faith    .   c - +0 buckler
rNeg    . . .      Spirit   .   b - +0 scale mail
rPois   .          Reflect  .   (helmet unavailable)
rElec   .          Harm     .   (no cloak)
rCorr   .          Rampage  .   (no gloves)
Will    .....                   (no boots)
Stlth   ..........              (no amulet)
HPRegen 0.10/turn               (no ring)
MPRegen 0.08/turn               (no ring)

@: no status effects
A: permanent stasis, dig shafts and tunnels, antennae 3, four strong arms,
screaming 2, subdued magic 1
a: Dig, Shaft Self, Renounce Religion


You were on level 3 of the Dungeon.
You worshipped Vehumet.
Vehumet was aware of your devotion.
You visited 1 branch of the dungeon, and saw 3 of its levels.

You collected 178 gold pieces.

Inventory:

Hand Weapons
 a - a +0 trident (weapon)
 e - a +2 dagger of venom
 h - a +0 hand axe
 j - a +0 dagger
 l - a +0 dagger
 m - a +0 whip
 n - a +0 long sword
 o - a +0 short sword
 q - a +0 dagger
 s - a +0 whip
 t - a +0 hand axe
 v - a +0 short sword
 w - a +0 club
 y - a +0 mace
 C - a +0 falchion
 D - a +0 club
 E - a +0 whip
 F - a +0 club
 H - a +0 mace
 I - a +0 club
Missiles
 f - 23 stones
 g - 2 boomerangs
 z - 2 large rocks
Armour
 b - a +0 scale mail (worn)
 c - a +0 buckler (worn)
 i - a +0 ring mail
 k - a +1 helmet
 p - a +0 scale mail
 u - a +0 robe
 x - a +0 cloak
Scrolls
 r - a scroll of teleportation
 B - a scroll of amnesia
 G - a scroll of enchant weapon {unknown}
Potions
 d - a potion of might
 A - a potion of curing


   Skills:
 + Level 3.8 Fighting
 + Level 2.5 Polearms
 + Level 3.8 Armour
 + Level 4.5 Shields


You had 2 spell levels left.
You didn't know any spells.
Your spell library contained the following spells:

 Spells                   Type           Power      Damage    Failure   Level
 Shock                    Conj/Air       0%         1d3       78%         1
 Poisonous Vapours        Pois/Air       0%         N/A       89%         2
 Corpse Rot               Necr/Pois/Air  0%         N/A       100%        4
 Fireball                 Conj/Fire      0%         3d3       100%        5
 Starburst                Conj/Fire      0%         6d3       100%        6
 Ignition                 Fire           0%         3d3       100%        8


Dungeon Overview and Level Annotations

Branches:
Dungeon (3/15)

Altars:
Vehumet

Shops:
D:1 *

Annotations:
D:3 Ijyb


Innate Abilities, Weirdness & Mutations

You cannot be hasted, slowed, berserked, paralysed or teleported.
You can dig through walls and to a lower floor.
You have a pair of large antennae on your head. (SInv)
Your four strong arms can wield two-handed weapons with a shield.
You frequently scream uncontrollably at your foes.
Your spells are a little easier to cast, but a little less powerful.


Message History

Ijyb shouts!
Ijyb screams, "I cut your head off!"
You hit Ijyb but do no damage. Ijyb barely misses you. x2
You closely miss Ijyb.
Ijyb zaps a wand.
Your mind is blasted!
You barely miss Ijyb.
Ijyb zaps a wand.
You barely resist. You barely miss Ijyb. Ijyb hits you with a +0 club.
You closely miss Ijyb. Ijyb hits you but does no damage.
You hit Ijyb but do no damage. Ijyb hits you but does no damage.
You hit Ijyb.
Ijyb is lightly wounded.
Ijyb misses you. Ijyb hits you with a +0 club.
You barely miss Ijyb.
Ijyb is lightly wounded.
Ijyb closely misses you.
You barely miss Ijyb.
Ijyb is lightly wounded.
Ijyb hits you but does no damage.
You hit Ijyb but do no damage.
Ijyb is lightly wounded.
Ijyb closely misses you.
You barely miss Ijyb.
Ijyb is lightly wounded.
Ijyb screams, "You nasty!
Big nasty!"
Ijyb hits you with a +0 club. Ijyb closely misses you.
You barely miss Ijyb.
Ijyb is lightly wounded.
Ijyb zaps a wand.
Your mind is blasted!
* * * LOW HITPOINT WARNING * * *
Unknown command.
You barely miss Ijyb.
Ijyb is lightly wounded.
Ijyb hits you with a +0 club.
* * * LOW HITPOINT WARNING * * *
You hit Ijyb.
Ijyb is moderately wounded.
Ijyb hits you but does no damage.
You puncture Ijyb!
Ijyb is severely wounded.
Ijyb zaps a wand.
Your mind is blasted!
You die...

# #.#......#
#.##.#......#
#....#......#
#.#.........#
#.#.#.##....# ####
##.#.#..#..>.# #
... #..#.##.#....#
#
##g##.#.....#.#'##
#
#..@.....#..#.#.#
#
#####.##.#..#.#.#
#
.........#.#.####
###.#.###.#.#....#
#.#.###.#.#..#.#
#.#.....#.#..#.#
#.......#....#..
### #.##.##.### #
###.......#


You could see Ijyb.

Vanquished Creatures
  2 adders (D:2)
  2 dart slugs
  2 orcs
  An endoplasm (D:3)
  A giant cockroach (D:3)
  2 goblins (D:2)
  A hobgoblin (D:2)
  A quokka (D:2)
  A ball python (D:2)
  2 bats (D:3)
  6 kobolds
  3 rats
24 creatures vanquished.

Vanquished Creatures (others)
  14 plants (D:1)
14 creatures vanquished.

Grand Total: 38 creatures vanquished

Notes
Turn   | Place    | Note
-------+----------+-------------------------------------------
     0 | D:1      | Heoruswealwe the Formicid Fighter began the quest for the
                  | Orb.
     0 | D:1      | Reached XP level 1. HP: 18/18 MP: 1/1
    77 | D:1      | Reached XP level 2. HP: 19/24 MP: 2/2
   193 | D:1      | Found Wusuzucs's Assorted Antiques.
   261 | D:1      | Found a faded altar of an unknown god.
   343 | D:1      | Prayed at the altar of an unknown god.
   343 | D:1      | Became a worshipper of Vehumet
   343 | D:1      | Reached * piety under Vehumet
   343 | D:1      | Offered knowledge of Shock by Vehumet.
   602 | D:1      | Gained mutation: You are partially covered in iridescent
                  | scales. (AC +2) [potion of mutation]
   774 | D:2      | Lost mutation: You are partially covered in iridescent
                  | scales. (AC +2) [potion of mutation]
   774 | D:2      | Gained mutation: Your spells are a little easier to cast,
                  | but a little less powerful. [potion of mutation]
   774 | D:2      | Gained mutation: You occasionally shout uncontrollably at
                  | your foes. [potion of mutation]
   774 | D:2      | Gained mutation: You frequently scream uncontrollably at
                  | your foes. [potion of mutation]
   811 | D:2      | Reached XP level 3. HP: 27/29 MP: 3/3
  1437 | D:3      | Noticed Ijyb
  1452 | D:3      | Blown up by Ijyb

Illustrated notes

Levels and vault maps discovered:
D:1:      lordsloth_arrival_two_stooges, layout_basic, serial_shops,
          nicolae_shop_trees, dilly_ecumenical_altar_fadedgnrine,
          solitary_fountain, minmay_misc_feat_five
D:2:      layout_basic
D:3:      layout_basic, uniq_sigmund, uniq_ijyb

Action                   || total
-------------------------++-------
Melee: Trident           ||   130
 Abil: Dig               ||     4
  Use: Scroll            ||     6
       Potion            ||     3
Armor: Scale mail        ||    22
Dodge: Dodged            ||    32
Block: Buckler           ||    11
